 Dungeon Crawl Stone Soup version 0.31-a0-217-g58bb5d79cf (webtiles) character file.

Game seed: 10869060942176519258

54 HoaS the Shooter (level 3, -3/29 HPs)
             Began as a Demigod Hunter on July 2, 2023.
             Killed from afar by an orc wizard (5 damage)
             ... with a magic dart
             ... on level 2 of the Dungeon.
             The game lasted 00:03:26 (603 turns).

HoaS the Shooter (Demigod Hunter)                    Turns: 603, Time: 00:03:27

Health: -3/29      AC:  4    Str: 12    XL:     3   Next: 44%
Magic:  5/5        EV: 12    Int: 11    God:
Gold:   63         SH:  0    Dex: 21    Spells: 2/2 levels left

rFire   . . .        a - +0 shortbow
rCold   . . .        (shield currently unavailable)
rNeg    . . .        c - +0 leather armour
rPois   .            (no helmet)
rElec   .            (no cloak)
rCorr   .            e - +0 pair of gloves
SInv    .            (no boots)
Will    .....        (no amulet)
Stlth   ++           (no ring)
HPRegen 0.24/turn    (no ring)
MPRegen 0.09/turn

%: no passive effects
@: no status effects
A: high MP 1, forlorn, divine attributes
a: no special abilities


You were on level 2 of the Dungeon.
You visited 1 branch of the dungeon, and saw 2 of its levels.

You collected 63 gold pieces.

Inventory:

Hand Weapons
 a - a +0 shortbow (weapon)
Armour
 c - a +0 leather armour (worn)
 e - a +0 pair of gloves (worn)
Scrolls
 b - a scroll of butterflies
 h - a scroll of poison
Potions
 d - a potion of curing {unknown}
 i - a potion of brilliance {unknown}


   Skills:
 - Level 1.7 Fighting
 + Level 4.9 Ranged Weapons
 - Level 1.7 Dodging
 - Level 0.8 Stealth


You had 2 spell levels left.
You didn't know any spells.
Your spell library was empty.

Dungeon Overview and Level Annotations

Branches:
Dungeon (2/15)


Innate Abilities, Weirdness & Mutations

You have an increased reservoir of magic. (+10% MP)
You shall have no god before yourself.
Your divine heritage dramatically boosts your attributes as you level up.


Message History

The orc is heavily wounded.
Something hits you. The orc misses you.
You shoot an arrow.
An orc wizard comes into view. It is wielding a +0 dagger.
Something hits you but does no damage. The orc hits you with a +0 flail.
You shoot an arrow. The orc throws a boomerang.
The orc wizard casts a spell at you.
The puff of flame hits something.
You hear some strange, mumbled words.
A magic dart appears from out of thin air!
The magic dart hits you! The orc hits you but does no damage.
You shoot an arrow. The arrow hits the orc.
You kill the orc!
Something hits you but does no damage. The orc hits you with a +0 flail.
* * * LOW HITPOINT WARNING * * *
You shoot an arrow.
Reactivating autopickup.
You feel a bit more experienced. The orc barely misses you.
The orc closely misses you. The orc wizard barely misses you.
You shoot an arrow.
The arrow hits the orc wizard but does no damage.
The orc wizard hits you but does no damage.
The orc barely misses you.
You shoot an arrow. The arrow barely misses the orc wizard.
The orc wizard hits you but does no damage.
The orc hits you with a +0 flail.
* * * LOW HITPOINT WARNING * * *
You shoot an arrow. The arrow hits the orc wizard.
The orc wizard is moderately wounded.
The orc wizard hits you with a +0 dagger.
* * * LOW HITPOINT WARNING * * *
The orc misses you.
You shoot an arrow. The arrow barely misses the orc wizard.
The orc wizard hits you but does no damage.
The orc hits you but does no damage.
You shoot an arrow.
The arrow closely misses the orc wizard.
The orc wizard casts a spell at you. The magic dart hits you.
You die...

*,,,* ***,,,, **,** *,,,,,, *,*
*,****, *,* *,****, *,* *,**,,,
######### *,* *,**,*, #.......#
*,* *,**,*, **#### #.#####.#####
*,****,,,,,, ,,,..# #.#####.o@o)#
*,,,,,,,,,,,
***#.###.##.....##'#********,,,,,
####.##...#.##.##...#* *,,,,,
#.............##.....#* *,,,,,
#.##.#.#....###.#...#.#* **,,,,
#.##.#.###.##*.8.8.8.8.#* **,,,
.....##...##*..,o.......#*** *,,,
...†...###*,+.,...$...,.+,,* *,,,
.#.###.#*,,,*,,,,,,,,,,,**,***,,,


You could see an orc wizard and an orc.

Vanquished Creatures
  An orc wizard (D:2)
  4 dart slugs
  An orc (D:2)
  2 bats (D:1)
  4 endoplasms
  A giant cockroach (D:1)
  5 hobgoblins (D:1)
  4 kobolds (D:1)
  2 ball pythons (D:1)
  2 rats (D:1)
26 creatures vanquished.

Notes
Turn   | Place    | Note
-------+----------+-------------------------------------------
     0 | D:1      | HoaS the Demigod Hunter began the quest for the Orb.
     0 | D:1      | Reached XP level 1. HP: 17/17 MP: 3/3
    60 | D:1      | Reached skill level 4 in Ranged Weapons
   102 | D:1      | Reached XP level 2. HP: 24/24 MP: 4/4
   555 | D:2      | Reached XP level 3. HP: 29/29 MP: 5/5
   603 | D:2      | Killed from afar by an orc wizard

Illustrated notes

Levels and vault maps discovered:
D:1:      minmay_arrival_radiant_lines, layout_rooms,
          minmay_misc_feat_more_columns
D:2:      layout_loops_cross, dk_noncrumbling_3

Skill      XL: |  1 |
---------------+----+-----
Ranged Weapons | 4 |  4.9
Fighting       | |  1.7
Dodging        | |  1.7
Stealth        | |  0.8

Action                     || total
---------------------------++-------
  Melee: Shortbow          ||     2
   Fire: Shortbow          ||    77
    Use: Scroll            ||     4
 Armour: Leather armour    ||    15
  Dodge: Dodged            ||    16

Table legend: (Time is in decaauts)
 A = Elapsed time spent in this place.
 B = Non-inter-level travel time spent in this place.
 C = Inter-level travel time spent in this place.
 D = Time resting spent in this place.
 E = Time spent auto-exploring this place.
 F = Levels seen in this place.
 G = Mean time per level.
                   A        B        C        D        E       F      G
               +--------+--------+--------+--------+--------+-----+--------+
         Total |    622 |    570 |     52 |     33 |    383 |   2 |  311.0 |
       Dungeon |    622 |    570 |     52 |     33 |    383 |   2 |  311.0 |
               +--------+--------+--------+--------+--------+-----+--------+

Top non-repeatable levels by time:
     D:1: 534 daAuts
     D:2: 87 daAuts
